 Dungeon Crawl Stone Soup version 0.28.0-53-g5a82cb258f (webtiles) character file.

Game seed: 15123408364352803920

96 Zeld the Ogre Mage (level 4, -7/39 HPs)
             Began as an Ogre Fire Elementalist on June 7, 2022.
             Mangled by an ogre
             ... wielding a +0 giant club
              (9 damage)
             ... on level 5 of the Dungeon.
             The game lasted 00:05:16 (4028 turns).

Zeld the Ogre Mage (Ogre Fire Elementalist)         Turns: 4028, Time: 00:05:17

Health: -7/39      AC:  3    Str: 12    XL:     4   Next: 67%
Magic:  0/9        EV:  9    Int: 18    God:
Gold:   84         SH:  0    Dex:  9    Spells: 0/10 levels left

rFire   . . .      SeeInvis .   (no weapon)
rCold   . . .      Faith    .   (no shield)
rNeg    . . .      Spirit   .   a - +0 robe
rPois   .          Reflect  .   (helmet restricted)
rElec   .          Harm     .   (no cloak)
rCorr   .          Rampage  .   (gloves unavailable)
Will    .....                   (boots unavailable)
Stlth   +.........              (no amulet)
HPRegen 0.13/turn               (no ring)
MPRegen 0.11/turn               (no ring)

@: no status effects
A: large, unfitting armour, tough skin 1
a: no special abilities


You were on level 5 of the Dungeon.
You visited 1 branch of the dungeon, and saw 4 of its levels.

You collected 84 gold pieces.

Inventory:

Armour
 a - a +0 robe (worn)
Scrolls
 d - a scroll of magic mapping {unknown}
 e - a scroll of summoning {unknown}
 f - a scroll of blinking {unknown}
 g - a scroll of brand weapon {unknown}
 h - a scroll of enchant armour {unknown}
Potions
 b - 2 potions of curing {unknown}
 c - a potion of attraction {unknown}


   Skills:
 - Level 1.7 Dodging
 - Level 1.4 Stealth
 * Level 3.8 Spellcasting
 + Level 1.8 Conjurations
 * Level 3.6 Fire Magic


You couldn't memorise any spells.
You knew the following spells:

 Your Spells              Type           Power      Damage    Failure   Level
a - Foxfire               Conj/Fire      52%        2x1d6     4%          1
b - Scorch                Fire           32%        2d6       4%          2
c - Inner Flame           Hex/Fire       10%        N/A       22%         3
d - Flame Wave            Conj/Fire      13%        2d6       43%         4

Your spell library contained the following spells:

 Spells                   Type           Power      Damage    Failure   Level
 Conjure Flame            Conj/Fire      13%        6-21      14%         3


Dungeon Overview and Level Annotations

Branches:
Dungeon (3/15)

Altars:

Shops:
D:1 =*(   D:3 ![


Innate Abilities, Weirdness & Mutations

You are too large for most types of armour.
You have tough skin. (AC +1)


Message History

Casting: Scorch (safe; 5% risk of failure)
Confirm with . or Enter, or press ? or * to list all spells.
Flames lash the adder.
The adder is burned terribly!
You kill the adder!
Unknown command.
Okay, then.
Okay, then.
Casting: Scorch (safe; 4% risk of failure)
Confirm with . or Enter, or press ? or * to list all spells.
Flames lash the ogre.
The ogre is moderately wounded.
The ogre's fire resistance burns away.
The ogre hits you with a +0 giant club!!
Ouch! That really hurt!
* * * LOW HITPOINT WARNING * * *
Casting: Scorch (safe; 4% risk of failure)
Confirm with . or Enter, or press ? or * to list all spells.
Flames lash the ogre.
The ogre is burned terribly!
The ogre is severely wounded.
Unknown command.
Unknown command.
Okay, then.
Attack: -) Nothing wielded
Press: ? - help, Dir - move target, f - ogre
Aim: an ogre, wielding a +0 giant club (severely wounded, more vulnerable to fire, about 30% to evade your hands)
Okay, then.
You aren't carrying any items that you can evoke.
Unknown command.
You barely miss the ogre.
The ogre is severely wounded.
The ogre barely misses you.
Unknown command.
You barely miss the ogre.
The ogre is severely wounded.
The ogre barely misses you.
Unknown command.
You hit the ogre but do no damage.
The ogre is severely wounded.
The ogre hits you with a +0 giant club!
You die...

..................
#.................
#................
##..............#
##.............#
##...........##
###.........#
##O.........##
#@########.## ###
##


You could see an ogre (combustible).

Vanquished Creatures
  2 adders
  3 dart slugs
  An orc (D:3)
  9 endoplasms
  4 giant cockroaches
  6 goblins
  5 hobgoblins
  4 jackals
  7 kobolds
  2 quokkas
  3 ball pythons
  5 bats
  3 frilled lizards
  13 rats
67 creatures vanquished.

Vanquished Creatures (others)
  254 foxfires
254 creatures vanquished.

Grand Total: 321 creatures vanquished

Notes
Turn   | Place    | Note
-------+----------+-------------------------------------------
     0 | D:1      | Zeld the Ogre Fire Elementalist began the quest for the
                  | Orb.
     0 | D:1      | Reached XP level 1. HP: 16/16 MP: 3/3
   244 | D:1      | Reached skill level 1 in Conjurations
   302 | D:1      | Found Lohon's Weapon Boutique.
   344 | D:1      | Found Jocsit's General Store.
   352 | D:1      | Reached XP level 2. HP: 17/24 MP: 1/5
   360 | D:1      | Learned a level 2 spell: Scorch
   663 | D:1      | Found a faded altar of an unknown god.
   664 | D:1      | Found Umuk's Jewellery Shoppe.
  1261 | D:1      | Reached XP level 3. HP: 31/31 MP: 3/7
  1272 | D:1      | Learned a level 3 spell: Inner Flame
  2769 | D:2      | Reached XP level 4. HP: 39/39 MP: 7/9
  3168 | D:3      | Found Oneompiz's Antique Armour Shop.
  3426 | D:3      | Learned a level 4 spell: Flame Wave
  3761 | D:3      | Found Vaumytz's Distillery.
  4010 | D:3      | You fall into a shaft and drop 2 floors!
  4010 | D:5      | Entered Level 5 of the Dungeon
  4010 | D:5      | Noticed an ogre
  4028 | D:5      | Mangled by an ogre

Illustrated notes

Levels and vault maps discovered:
D:1:      dpeg_arrival_subterranean_lakeside_camping, layout_rooms,
          ebering_ecumenical_altar_mist, serial_shops, shop, shop_statue,
          nicolae_shop_hallway_plus, minmay_misc_feat_tower,
          palyth_stone_intersect
D:2:      layout_loops_cross
D:3:      layout_basic, nicolae_overflow_hidden_temple, serial_shops,
          nicolae_shop_stone, shop, nicolae_shop_hallway_plus
D:5:      layout_cave_pods, mainiacjoe_overflow_alcove_2,
          mainiacjoe_overflow_brackets, mainiacjoe_overflow_cross_hatched,
          enter_ossuary_2, uniq_menkaure

Skill      XL: |  1  2 |
---------------+-------+-----
Conjurations   | 1 |  1.8
Fire Magic     | 3 |  3.6
Spellcasting   | 3 |  3.8
Dodging        | |  1.7
Stealth        | |  1.4

Action                   |  1- 3 |  4- 6 || total
-------------------------+-------+-------++-------
Melee: Unarmed           |    26 |     8 ||    34
 Cast: Foxfire           |   133 |    46 ||   179
       Scorch            |     4 |    14 ||    18
 Stab: Sleeping          |       |     1 ||     1
Armor: Robe              |    22 |     3 ||    25
Dodge: Dodged            |    28 |    14 ||    42
